 Dungeon Crawl Stone Soup version 0.25.0-9-g26727b657a (webtiles) character file.

Game seed: 4093112576124321689

741 LohmatiyShmel the Cleaver (level 7, -5/64 HPs)
             Began as a Hill Orc Fighter on June 19, 2020.
             Slain by Duvessa
             ... wielding a +0 short sword
              (7 damage)
             ... on level 4 of the Dungeon.
             The game lasted 00:06:51 (2728 turns).

LohmatiyShmel the Cleaver (Hill Orc Fighter)        Turns: 2728, Time: 00:06:51

Health: -5/64      AC:  8    Str: 19    XL:     7   Next: 75%
Magic:  7/7        EV:  7    Int:  8    God:
Gold:   158        SH:  9    Dex: 12    Spells: 6/6 levels left

rFire    . . .     SeeInvis .   a - +0 war axe
rCold    . . .     Gourm    .   c - +0 kite shield
rNeg     . . .     Faith    .   b - +1 scale mail
rPois    .         Spirit   .   (no helmet)
rElec    .         Reflect  .   (no cloak)
rCorr    .         Harm     .   (no gloves)
MR       .....                  (no boots)
Stlth    ..........             (no amulet)
HPRegen  0.20/turn              (no ring)
MPRegen  0.10/turn              (no ring)

@: no status effects
A: no striking features
a: no special abilities


You were on level 4 of the Dungeon.
You were not hungry.

You visited 1 branch of the dungeon, and saw 4 of its levels.

You collected 158 gold pieces.

Inventory:

Hand Weapons
 a - a +0 war axe (weapon)
 i - a +3 flail
 k - a +2 vorpal hand axe
Missiles
 j - 5 boomerangs (quivered)
Armour
 b - a +1 scale mail (worn)
 c - a +0 kite shield (worn)
Jewellery
 g - an uncursed ring of protection from fire {unknown}
 n - a cursed amulet of inaccuracy {unknown}
Scrolls
 e - 2 scrolls of teleportation
 h - a scroll of magic mapping
 l - a scroll of enchant armour
 m - a scroll of fear
Potions
 d - a potion of resistance {unknown}
Comestibles
 f - 6 rations


   Skills:
 + Level 6.6 Fighting
 * Level 8.7 Axes
 - Level 4.0 Armour
 - Level 3.7 Shields


You had 6 spell levels left.
You didn't know any spells.
Your spell library contained the following spells:

 Spells                   Type           Power        Failure   Level  Hunger
 Magic Dart               Conj           #...         99%         1    ##.....
 Searing Ray              Conj           #.....       100%        2    ###....
 Dazzling Flash           Conj/Hex       #.....       100%        3    ####...
 Fulminant Prism          Conj/Hex       #.........   100%        4    #####..
 Iskenderun's Mystic Bla  Conj/Tloc      #.......     100%        4    #####..


Dungeon Overview and Level Annotations

Branches:
Dungeon (4/15)
 Temple: D:4-7

Altars:
Elyvilon
Uskayaw
Wu Jian

Annotations:
D:4 Dowan, Duvessa


Message History

Your shield prevents you from hitting Duvessa.
Duvessa is heavily wounded.
You hit Dowan. Duvessa hits you but does no damage. Dowan barely misses you.
Duvessa hits you but does no damage. Dowan hits you with a +0 dagger.
* * * LOW HITPOINT WARNING * * *
You hit Duvessa.
Duvessa is heavily wounded.
You hit Dowan. Duvessa barely misses you. Dowan hits you but does no damage.
Duvessa barely misses you.
You slash Duvessa!
Duvessa is severely wounded.
You hit Dowan. Duvessa hits you with a +0 short sword.
* * * LOW HITPOINT WARNING * * *
Dowan gestures at you while chanting. The puff of flame hits you.
* * * LOW HITPOINT WARNING * * *
You hit Duvessa but do no damage.
Duvessa is severely wounded.
You hit Dowan. Duvessa hits you with a +0 short sword!
You die...

.# #...... .# #...... .# .
#...... .# .. #...... .# ...
#...... .# .... #...... <#
.....####### #...... .#
......)e...#######...... .#
......e@..........#####. .#
..................#...#. .#
..................#...#.
.######....................#...#.
...........................#...#.
.......###+###.............#...'.
.......# #.............#...#.
.......'. #......########...##
.######## #...........#


You could see Duvessa (fast) and Dowan.

Vanquished Creatures
  Sigmund (D:4)
  An ogre (D:4)
  A centaur (D:3)
  Blork the orc (D:4)
  A bullfrog (D:3)
  A bullfrog skeleton (D:4)
  A hound (D:4)
  An orc priest (D:2)
  3 orc wizards
  An adder (D:3)
  2 gnolls (D:1)
  4 oozes
  2 worms
  3 dart slugs
  4 leopard geckos
  7 orcs
  4 bats
  5 giant cockroaches
  8 goblins
  5 hobgoblins
  10 jackals
  A quokka (D:3)
  2 frilled lizards
  7 kobolds
  5 rats
81 creatures vanquished.

Notes
Turn   | Place    | Note
-------+----------+-------------------------------------------
     0 | D:1      | LohmatiyShmel the Hill Orc Fighter began the quest for the
                  | Orb.
     0 | D:1      | Reached XP level 1. HP: 19/19 MP: 1/1
    61 | D:1      | Reached XP level 2. HP: 15/27 MP: 2/2
   311 | D:1      | Reached skill level 3 in Axes
   311 | D:1      | Reached XP level 3. HP: 28/33 MP: 3/3
   639 | D:1      | Reached XP level 4. HP: 36/40 MP: 4/4
   813 | D:2      | Reached skill level 4 in Axes
  1020 | D:2      | Found a white marble altar of Elyvilon.
  1152 | D:2      | You fall into a shaft and drop 1 floor!
  1174 | D:3      | Found an ornate altar of the Wu Jian Council.
  1192 | D:3      | Reached skill level 5 in Axes
  1192 | D:3      | Reached XP level 5. HP: 26/47 MP: 5/5
  1344 | D:3      | Noticed a centaur
  1360 | D:3      | Killed a centaur
  1360 | D:3      | Reached skill level 5 in Fighting
  1484 | D:3      | Reached XP level 6. HP: 56/56 MP: 6/6
  1490 | D:3      | Reached skill level 6 in Axes
  2220 | D:4      | Noticed Sigmund
  2222 | D:4      | Reached skill level 7 in Axes
  2233 | D:4      | Killed Sigmund
  2233 | D:4      | Reached skill level 8 in Axes
  2233 | D:4      | Reached XP level 7. HP: 44/63 MP: 7/7
  2458 | D:4      | Found a hide-covered altar of Uskayaw.
  2475 | D:4      | Noticed Blork the orc
  2484 | D:4      | Killed Blork the orc
  2705 | D:4      | Noticed Duvessa
  2706 | D:4      | Noticed Dowan
  2727 | D:4      | HP: 3/64 [Duvessa/+0 short sword (2)]
  2728 | D:4      | Slain by Duvessa

Illustrated notes

Levels and vault maps discovered:
D:1:      ebering_hopf_link, layout_basic
D:2:      cheibrodos_pilgrimage, layout_loops_ring, old_standard_altar,
          grunt_gozag_statues, uniq_natasha
D:3:      minmay_diamond_boxcup, layout_rooms, nicolae_overflow_crystal_walls,
          chequers_serial_rivers_micro_a
D:4:      layout_gridville, kennysheep_mini, biasface_ghost_orc_armoury,
          first_ration, uniq_duvessa, uniq_blork_the_orc, uniq_sigmund

Skill      XL: |  1  2  3  4  5  6 |
---------------+-------------------+-----
Fighting       | 4 5 6 |  6.6
Axes           | 3 5 8 |  8.7
Armour         | 4 |  4.0
Shields        | |  3.7

Action                   |  1- 3 |  4- 6 |  7- 9 || total
-------------------------+-------+-------+-------++-------
Melee: War axe           |    64 |   165 |    55 ||   284
Throw: Boomerang         |       |     2 |       ||     2
  Use: Scroll            |       |     6 |       ||     6
       Potion            |       |     1 |       ||     1
  Eat: Chunk             |       |     5 |     1 ||     6
Armor: Scale mail        |    33 |    93 |    28 ||   154
Dodge: Dodged            |    28 |    54 |    20 ||   102
Block: Kite shield       |    42 |    56 |    13 ||   111
